Unix NetHack Version 5.0.0-0 post-release - last build May  4 2026 22:22:43 (774f63e81ad911689b3a0859ea89b322d5daca8d,branch:main).

Game began 2026-05-05 06:41:37, ended 2026-05-05 09:55:47.

23881750910, lawful female human Valkyrie

             ------
             .....|    --------
             |.^..|    |...(...#####
             |....|    |......|    #########                -------------
             --.---    |......|           #                #-...........|
               #       |......|         --.---------       #|...........|
               #       |......-#######  +..>.......|    ####|...........|
               o       ---.----         |..........|    #   |.....`.....|
               #@         #             |*.........-######  ...<.h......|
                ##        #             ------------  ###   -------------
                 #        #                           #
                 #        #
                ##        #
                 ##       #
               ---.-------|-
               |...........|
               |...........+
               |...........|
               -------------

23881750910 the Skirmisher  St:18/01 Dx:12 Co:17 In:8 Wi:8 Ch:9  Lawful
Dlvl:5  $:46 HP:0(44) Pw:8(8) AC:6  Xp:5 T:3359  Hungry   Deaf

Latest messages:
 You see here 9 rocks.
 You hit the dingo!
 The dingo bites!
 The dingo bites!
 You miss the dingo.
 The dingo bites!
 You feel more confident in your weapon skills.
 You kill the dingo!
 You see here a chest.
 You are beginning to feel hungry.
 Hmmm, the chest turns out to be locked.
 The door opens.
 You see here 13 gold pieces.
 $ - 13 gold pieces (46 in total).
 You are momentarily blinded by a flash of light!
 You hear a deafening roar!
 Wait!  There's something there you can't see!
 You miss it.
 It hits!
 It hits!
 You miss it.
 It hits!
 It hits!
 What do you want to eat? [d or ?*] d
 It is not so easy to open this tin.
 It hits!
 You stop opening the tin.
 What do you want to eat? [d or ?*] d
 It is not so easy to open this tin.
 It hits!
 You stop opening the tin.
 What do you want to eat? [d or ?*] d
 It is not so easy to open this tin.
 It hits!
 You stop opening the tin.
 You can see again.
 You hit the hill orc!
 You hit the hill orc!
 The hill orc hits!
 You kill the hill orc!
 There is a hill orc corpse here; eat it? [ynq] (n) y
 Blecch!  Rotten food!
 The hill orc thrusts his orcish dagger.
 The hill orc hits!
 You die...
 Do you want your possessions identified? [ynq] (y) n
 Do you want to see your attributes? [ynq] (y) n
 Do you want an account of creatures vanquished? [ynaq] (y) n
 Do you want to see your conduct and achievements? [ynq] (y) n
 Do you want to see the dungeon overview? [ynq] (y) n

Inventory:
 Coins    ('$')
  $ - 46 gold pieces
 Weapons  (')')
  i - 10 +0 ya
  m - a +0 crossbow
  q - 10 +0 darts
  b - a +0 dagger (alternate weapon; not wielded)
  s - a +0 elven dagger
  h - 2 +0 orcish daggers
  a - a +1 spear (weapon in right hand)
  f - a blessed +2 broadsword
 Armor    ('[')
  e - an uncursed +0 orcish helm
  g - an uncursed +0 orcish helm
  j - an uncursed +0 orcish helm
  o - an uncursed +0 pair of iron shoes
  c - an uncursed +3 small shield (being worn)
  t - an uncursed +0 dwarvish cloak
  u - an uncursed +0 elven mithril-coat
 Comestibles  ('%')
  d - an uncursed tin of pureed giant rat meat
 Potions  ('!')
  l - an uncursed potion of healing
  k - an uncursed potion of monster detection
 Rings    ('=')
  v - a cursed -1 ring of protection
 Wands    ('/')
  p - a blessed wand of digging (0:7)
 Tools    ('(')
  r - an uncursed sack containing 1 item

Contents of the sack:
  an uncursed scroll of genocide

23881750910 the Valkyrie's attributes:

Background:
 You were a Skirmisher, a level 5 human Valkyrie.
 You were lawful, nominally on a mission for Tyr
 who was opposed by Odin (neutral) and Loki (chaotic).
 You were right-handed.
 You were in the Dungeons of Doom, on level 5.
 You entered the dungeon 3359 turns ago.
 You had 256 experience points, 64 more were needed to attain level 6.

Basics:
 You had 0 out of 44 hit points.
 You had all 8 energy points (spell power).
 Your armor class was 6.
 Your wallet contained 46 zorkmids.
 Autopickup was off.

Final Characteristics:
 Your strength was 18/01 (limit:18/100).
 Your dexterity was 12 (limit:18).
 Your constitution was 17 (peak:18, limit:18).
 Your intelligence was 8 (limit:18).
 Your wisdom was 8 (limit:18).
 Your charisma was 9 (limit:18).

Final Status:
 You were deaf.
 You were hungry.
 You were unencumbered.
 You were wielding a spear.
 You had basic skill with spear and could have enhanced that.

Final Attributes:
 You were piously aligned.
 You were cold resistant.
 You were stealthy.
 You are dead.

Miscellaneous:
 You didn't encounter any bones levels.
 Total elapsed playing time was 53 minutes and 12 seconds.

Major events:
 Turn
    1: 23881750910 the lawful human Valkyrie entered the dungeon
 1116: attained the rank of Skirmisher (level 3)
 1670: entered the Gnomish Mines
 3359: killed by a hill orc

You didn't know any spells.

Skills:
 Fighting Skills
   bare handed combat [Unskilled]
   two weapon combat  [Unskilled]
   riding             [Unskilled]
 Weapon Skills
   dagger             [Basic]
   axe                [Unskilled]
   pick-axe           [Unskilled]
   short sword        [Unskilled]
   broadsword         [Unskilled]
   long sword         [Unskilled]
   two-handed sword   [Unskilled]
   saber              [Unskilled]
   hammer             [Unskilled]
   quarterstaff       [Unskilled]
   polearms           [Unskilled]
   spear              [Basic]
   trident            [Unskilled]
   lance              [Unskilled]
   sling              [Unskilled]
 Spellcasting Skills
   attack spells      [Unskilled]
   escape spells      [Unskilled]

Voluntary challenges:
 Character rerolling was not enabled.
 You were an atheist.
 You were illiterate.
 You never genocided any monsters.
 You never polymorphed an object.
 You never changed form.
 You used no wishes.
Achievements:
 You attained the rank of Skirmisher.
 You entered a shop.
 You entered the Gnomish Mines.

 The Dungeons of Doom: levels 1 to 5
    Level 1:
    Level 2:
       An altar, a sink.
    Level 3:
       An armor shop.
       Stairs down to The Gnomish Mines.
    Level 4:
       A fountain.
    Level 5: <- You were here.
       Final resting place for
          you, killed by a hill orc.
 The Gnomish Mines: levels 4 to 5
    Level 4:
    Level 5:


Vanquished creatures:
  a dingo
  a rock piercer
  a pony
  2 shriekers
  2 gnome leaders
  a little dog
  a kitten
  a dwarf
  a homunculus
  a hill orc
  2 rothes
 an iguana
 an acid blob
  a hobbit
  a cave spider
  a brown mold
  8 gnomes
  4 geckos
  a jackal
  5 goblins
  4 grid bugs
  2 bats
  4 lichens
  5 newts
52 creatures vanquished.

No species were genocided or became extinct.

Game over:
                       ----------
                      /          \
                     /    REST    \
                    /      IN      \
                   /     PEACE      \
                  /                  \
                  |   23881750910    |
                  |      46 Au       |
                  | killed by a hill |
                  |       orc        |
                  |                  |
                  |                  |
                  |       2026       |
                 *|     *  *  *      | *
        _________)/\\_//(\/(/\)/\//\/|_)_______

Farvel 23881750910 the Valkyrie...

You died in The Dungeons of Doom on dungeon level 5 with 1266 points,
and 46 pieces of gold, after 3359 moves.
You were level 5 with a maximum of 44 hit points when you died.

